 Dungeon Crawl Stone Soup version 0.29-a0-234-g0dae59b3db (webtiles) character file.

Game seed: 11042170427565403688

1281 sammy202020 the Skirmisher (level 8, -1/109 HPs)
             Began as a Minotaur Berserker on Mar 2, 2022.
             Was a Priest of Trog.
             Slain by a gnoll
             ... wielding a +0 halberd
              (8 damage)
             ... on level 5 of the Dungeon.
             The game lasted 00:05:52 (3737 turns).

sammy202020 the Skirmisher (Minotaur Berserker)     Turns: 3737, Time: 00:05:54

Health: -1/109     AC: 10    Str: 22    XL:     8   Next: 29%
Magic:  7/7        EV:  9    Int: 12    God:    Trog [***...]
Gold:   127        SH:  0    Dex: 10    Spells: 7/7 levels left

rFire   . . .      SeeInvis .   a - +1 hand axe (spect)
rCold   . . .      Faith    .   (no shield)
rNeg    . . .      Spirit   .   p - +0 chain mail
rPois   .          Reflect  .   (helmet restricted)
rElec   .          Harm     .   (no cloak)
rCorr   .          Rampage  .   (no gloves)
Will    .....                   (no boots)
Stlth   ..........              (no amulet)
HPRegen 0.28/turn               o - +6 ring of intelligence
MPRegen 0.10/turn               (no ring)

@: berserking, very quick
A: horns 2, retaliatory headbutt
a: Renounce Religion, Berserk, Trog's Hand


You were on level 5 of the Dungeon.
You worshipped Trog.
Trog was most pleased with you.
You visited 1 branch of the dungeon, and saw 5 of its levels.

You collected 127 gold pieces.

Inventory:

Hand Weapons
 a - a +1 spectral hand axe (weapon)
 q - a +2 vorpal flail
Armour
 b - a +0 animal skin
 h - the +1 robe of Jofeil {Rampage Int+3 Dex+3}
   (You found it on level 2 of the Dungeon)

   Int:       It affects your intelligence (+3).
   Dex:       It affects your dexterity (+3).
   Rampage:   It bestows one free step when moving towards enemies.
 p - a +0 chain mail (worn)
Jewellery
 o - a +6 ring of intelligence (left hand)
Wands
 i - a wand of flame (31)
Scrolls
 f - a scroll of magic mapping {unknown}
 l - 2 scrolls of identify
Potions
 c - a potion of resistance {unknown}
 d - a potion of heal wounds
 e - a potion of invisibility
 g - a potion of curing
 j - a potion of berserk rage {unknown}
 m - a potion of lignification {unknown}
 n - a potion of might {unknown}


   Skills:
 + Level 7.0 Fighting
 + Level 7.0 Axes
 + Level 6.4 Armour
 + Level 5.9 Dodging


You had 7 spell levels left.
You didn't know any spells.
Your spell library was empty.

Dungeon Overview and Level Annotations

Branches:
Dungeon (5/15)             Temple (0/1) D:4

Altars:
Fedhas
Makhleb
Vehumet

Annotations:
D:5 Eustachio


Innate Abilities, Weirdness & Mutations

You have a pair of horns on your head.
You reflexively headbutt those who attack you in melee.


Message History

The gnoll barely misses you.
Your Fighting skill increases to level 7!
You slash the jelly!
Your hands burn!
You headbutt the jelly, but do no damage.
The jelly is severely wounded.
The jelly hits you.
You are splashed with acid.
The gnoll hits you from afar with a +0 halberd!
You completely miss the jelly. You headbutt the jelly.
You kill the jelly!
Trog accepts your kill.
The gnoll hits you from afar with a +0 halberd.
Your Axes skill increases to level 7!
You hit the gnoll but do no damage. The gnoll hits you with a +0 flail!
* * * LOW HITPOINT WARNING * * *
The gnoll hits you from afar with a +0 halberd!
* * * LOW HITPOINT WARNING * * *
You hit the gnoll.
The gnoll is heavily wounded.
The gnoll hits you with a +0 flail.
* * * LOW HITPOINT WARNING * * *
The gnoll barely misses you.
You hit the gnoll.
The gnoll is almost dead.
The gnoll barely misses you. You furiously retaliate!
You headbutt the gnoll!
You kill the gnoll!
Trog accepts your kill. The gnoll barely misses you.
A red film seems to cover your vision as you go berserk!
You feel yourself moving faster!
You feel mighty!
You can no longer call in reinforcements.
The crimson imp disappears in a puff of smoke!
The gnoll hits you from afar with a +0 halberd.
* * * LOW HITPOINT WARNING * * *
You feel a strong urge to attack something.
The white imp closely misses you. You furiously retaliate!
You headbutt the white imp!
You kill the white imp!
The white imp disappears in a puff of smoke!
The gnoll hits you with a +0 halberd!
You die...

..... ##. .....
... ........#
.>....#.#
#........#.# #...
.....r.r# #..
.....@g5# #.# #@#
#####.# #.#
......##########.#
##..............(#
#..†.....#########
..#....#..##
.##..).##..#
.#......#..#
##..##..##.#


You could see Eustachio, a quasit (summoned), a gnoll, a river rat (summoned)
and a quokka (summoned).

Vanquished Creatures
  Edmund (D:5)
  Menkaure (D:4)
  A sky beast (D:5)
  3 ogres
  A centaur (D:5)
  Blork the orc (D:4)
  A necrophage (D:4)
  2 scorpions
  2 hounds
  A jelly (D:5)
  An iguana (D:4)
  Natasha (thrice) (D:2)
  An orc wizard (D:4)
  5 adders
  3 gnolls (D:5)
  A shadow imp (D:5)
  6 dart slugs
  A worm (D:2)
  3 orcs
  9 endoplasms
  4 giant cockroaches
  13 goblins
  9 hobgoblins
  8 jackals
  4 quokkas
  9 ball pythons
  8 bats
  3 frilled lizards
  3 kobolds
  8 rats
116 creatures vanquished.

Vanquished Creatures (others)
  Robin (D:4)
  3 goblins (D:4)
  A hobgoblin (D:4)
5 creatures vanquished.

Grand Total: 121 creatures vanquished

Notes
Turn   | Place    | Note
-------+----------+-------------------------------------------
     0 | D:1      | sammy202020 the Minotaur Berserker began the quest for the
                  | Orb.
     0 | D:1      | Reached XP level 1. HP: 19/19 MP: 0/0
   191 | D:1      | Reached XP level 2. HP: 27/27 MP: 1/1
   493 | D:1      | Reached ** piety under Trog
   498 | D:1      | Reached XP level 3. HP: 14/33 MP: 2/2
   838 | D:2      | Noticed Natasha
   848 | D:2      | Killed Natasha
   852 | D:2      | Identified the +1 robe of Jofeil {Rampage Int+3 Dex+3}
  1000 | D:2      | Noticed Natasha
  1004 | D:2      | Killed Natasha
  1005 | D:2      | Reached XP level 4. HP: 39/41 MP: 3/3
  1118 | D:2      | Noticed Natasha
  1124 | D:2      | Killed Natasha
  1263 | D:2      | Reached XP level 5. HP: 45/47 MP: 4/4
  1281 | D:2      | Found a blossoming altar of Fedhas.
  1852 | D:3      | Noticed an ogre
  1857 | D:3      | Killed an ogre
  1857 | D:3      | Reached *** piety under Trog
  1858 | D:3      | Reached skill level 5 in Fighting
  1858 | D:3      | Reached skill level 5 in Axes
  2202 | D:3      | Reached XP level 6. HP: 50/56 MP: 5/5
  2443 | D:3      | Found a burning altar of Makhleb.
  2633 | D:4      | Killed Robin
  2658 | D:4      | Found a staircase to the Ecumenical Temple.
  2825 | D:4      | Noticed Blork the orc
  2828 | D:4      | Killed Blork the orc
  2933 | D:4      | Reached skill level 5 in Armour
  2933 | D:4      | Reached XP level 7. HP: 58/62 MP: 6/6
  3005 | D:4      | Found a radiant altar of Vehumet.
  3122 | D:4      | Reached skill level 5 in Dodging
  3267 | D:4      | Noticed Menkaure
  3269 | D:4      | Killed Menkaure
  3539 | D:5      | Entered Level 5 of the Dungeon
  3541 | D:5      | Noticed Edmund
  3554 | D:5      | Killed Edmund
  3555 | D:5      | Reached XP level 8. HP: 51/71 MP: 7/7
  3714 | D:5      | Noticed Eustachio
  3721 | D:5      | Reached **** piety under Trog
  3737 | D:5      | Slain by a gnoll

Illustrated notes

Levels and vault maps discovered:
D:1:      matt_arrival_diagonals, layout_basic
D:2:      layout_rooms, basic_altar, st_stairs_6, uniq_natasha
D:3:      layout_loops_corners, lemuel_round_altar, minmay_liquid_box
D:4:      layout_rooms, marbit_many_paths, lemuel_temple_firewalk_a,
          kennysheep_diamond, uniq_blork_the_orc, uniq_robin, uniq_menkaure
D:5:      layout_loops_ring, nicolae_specific_store, st_stairs_5,
          minmay_misc_feat_iff, uniq_grinder, uniq_duvessa, uniq_eustachio,
          uniq_edmund

Skill      XL: |  1  2  3  4  5  6  7  8 |
---------------+-------------------------+-----
Fighting       | 4 5 6 7 |  7.0
Axes           | 4 5 6 7 |  7.0
Armour         | 3 4 5 6 |  6.4
Dodging        | 3 4 5 |  5.9

Action                   |  1- 3 |  4- 6 |  7- 9 || total
-------------------------+-------+-------+-------++-------
Melee: Hand axe          |    57 |    90 |    65 ||   212
       Headbutt          |     7 |    14 |    18 ||    39
       Punch             |       |     1 |       ||     1
Invok: Berserk           |       |       |     1 ||     1
  Use: Scroll            |       |     7 |       ||     7
 Stab: Sleeping          |       |     2 |     1 ||     3
       Distracted        |       |     1 |       ||     1
Armor: Animal skin       |    17 |       |       ||    17
       Robe              |     1 |    16 |     1 ||    18
       Chain mail        |       |       |    20 ||    20
Dodge: Dodged            |    63 |    35 |    34 ||   132

Table legend: (Time is in decaauts)
 A = Elapsed time spent in this place.
 B = Non-inter-level travel time spent in this place.
 C = Inter-level travel time spent in this place.
 D = Time resting spent in this place.
 E = Time spent auto-exploring this place.
 F = Levels seen in this place.
 G = Mean time per level.
                   A        B        C        D        E       F      G
               +--------+--------+--------+--------+--------+-----+--------+
         Total |   3745 |   3608 |    137 |      0 |   3016 |   5 |  749.0 |
       Dungeon |   3745 |   3608 |    137 |      0 |   3016 |   5 |  749.0 |
               +--------+--------+--------+--------+--------+-----+--------+

Top non-repeatable levels by time:
     D:3: 1052 daAuts
     D:4: 933 daAuts
     D:1: 842 daAuts
     D:2: 720 daAuts
     D:5: 196 daAuts
